 Dungeon Crawl Stone Soup version 0.19.1-1-g22dce08 (webtiles) character file.

282 Alarkh the Chopper (level 6, 42/47 HPs)
             Began as a Demonspawn Monk on Jan 7, 2017.
             Quit the game on level 4 of the Dungeon.
             The game lasted 00:04:46 (3748 turns).

Alarkh the Chopper (Demonspawn Monk)                Turns: 3748, Time: 00:04:47

Health: 42/47      AC:  6    Str: 11    XL:     6   Next: 6%
Magic:  6/6        EV: 13    Int: 13    God:
Gold:   151        SH:  0    Dex: 18    Spells: 0 memorised, 5 levels left

rFire  + . .     SeeInvis .     d - +0 war axe
rCold  . . .     Gourm    .     i - +2 leather armour {rPois}
rNeg   . . .     Faith    .     (no shield)
rPois  +         Spirit   .     s - +0 helmet
rElec  .         Reflect  .     (no cloak)
rCorr  .         Harm     .     (no gloves)
MR     .....                    (no boots)
Stlth  ++........               (no amulet)
                                (no ring)
                                (no ring)

@: no status effects
A: thin skeletal structure 1, demonic guardian 1, fire resistance 1
a: no special abilities


You were on level 4 of the Dungeon.
You were very hungry.

You visited 1 branch of the dungeon, and saw 4 of its levels.

You collected 151 gold pieces.

Inventory:

Hand Weapons
 a - a +0 hand axe
 d - a +0 war axe (weapon)
Armour
 b - a +0 robe
 i - a +2 leather armour of poison resistance (worn)
 j - a +0 scale mail
 s - a +0 helmet (worn)
Scrolls
 e - a scroll of identify
 f - 2 scrolls of magic mapping
 m - a scroll of random uselessness {unknown}
 o - a scroll of enchant armour
 p - a scroll of recharging
Potions
 g - 2 potions of flight
 h - a potion of cancellation
 k - a potion of resistance
 l - a potion of heal wounds {unknown}
 u - a potion of brilliance
Books
 q - a book of Cantrips

   Spells                             Type                      Level
   a - Confusing Touch                Hexes                        1
   b - Animate Skeleton               Necromancy                   1
   c - Summon Small Mammal            Summoning                    1
   d - Apportation                    Translocation                1
Comestibles
 c - 3 bread rations
 r - a slice of pizza
 t - a meat ration


   Skills:
 - Level 3.0 Fighting
 + Level 6.2 Axes
 - Level 2.6 Dodging
 - Level 1.7 Stealth


You had 5 spell levels left.
You didn't know any spells.

Dungeon Overview and Level Annotations

Branches:
Dungeon (4/15)
 Temple: D:4-7

Altars:
Elyvilon
Qazlal


Innate Abilities, Weirdness & Mutations

You have a somewhat thin skeletal structure. (Dex +2, Stealth)
A weak demonic guardian rushes to your aid.
Your flesh is heat resistant. (rF+)


Message History

Edmund is heavily wounded.
Your quasit bites Edmund.
Your quasit claws Edmund but does no damage. x2
Edmund closely misses your quasit.
Your quasit closely misses Edmund.
Your quasit claws Edmund but does no damage. x2
Your white imp hits Edmund.
Your white imp freezes Edmund.
You slash Edmund!
Edmund is almost dead.
Your quasit barely misses Edmund.
Your quasit claws Edmund. x2
Edmund barely misses your quasit.
Your white imp gestures at Edmund.
The puff of frost hits Edmund.
Edmund dies!
Your Axes skill increases to level 6!
You have reached level 6!
Your experience leads to an increase in your attributes!
Increase (S)trength, (I)ntelligence, or (D)exterity?
You feel clever.
Your demonic ancestry asserts itself...
You feel resistant to heat.
Are you sure you want to abandon this character and quit the game? (Confirm with "yes".)

.. ..#<......##### ..
#............... ..
#..............#
..###..............
...<..<..........###
.#[[..#.............#
......#.........(# .###.
................5#......
................@l......
..#.............5#......
.###..#.####..#### .....
.###..#...##>.# ###.
...........##.###
.................
.............#...
...............##
..............##


You could see a frilled lizard, a friendly quasit and a friendly white imp.

Vanquished Creatures
  An orc priest (D:4)
  A worker ant (D:3)
  Robin (D:3)
  4 adders
  2 dart slugs
  3 leopard geckos
  6 orcs
  4 giant cockroaches
  16 hobgoblins
  9 jackals
  5 kobolds
  4 ball pythons
  8 bats
  4 frilled lizards
  11 goblins
  A quokka skeleton (D:4)
  9 rats
89 creatures vanquished.

Vanquished Creatures (collateral kills)
  Edmund (D:4)
  A jackal (D:4)
2 creatures vanquished.

Vanquished Creatures (others)
  A ball python (D:3)
  4 goblins (D:3)
5 creatures vanquished.

Grand Total: 96 creatures vanquished

Notes
Turn   | Place    | Note
-------+----------+-------------------------------------------
     0 | D:1      | Alarkh the Demonspawn Monk began the quest for the Orb.
     0 | D:1      | Reached XP level 1. HP: 18/18 MP: 1/1
   172 | D:1      | Reached skill level 3 in Axes
   302 | D:1      | Gained mutation: You have a somewhat thin skeletal structure. (Dex +2, Stealth) [demonic ancestry]
   302 | D:1      | Reached XP level 2. HP: 23/24 MP: 2/2
  1072 | D:1      | Reached XP level 3. HP: 29/29 MP: 3/3
  1307 | D:2      | Reached skill level 4 in Axes
  1795 | D:2      | Gained mutation: A weak demonic guardian rushes to your aid. [demonic ancestry]
  1795 | D:2      | Reached XP level 4. HP: 31/35 MP: 4/4
  2236 | D:3      | Noticed Robin
  2258 | D:3      | Killed Robin
  2265 | D:3      | Reached skill level 5 in Axes
  2584 | D:3      | Found a white marble altar of Elyvilon.
  2836 | D:3      | Found a stormy altar of Qazlal.
  3125 | D:3      | Reached XP level 5. HP: 26/41 MP: 5/5
  3133 | D:3      | HP: 1/41 [worker ant (7)]
  3403 | D:4      | HP: 2/41 [orc/mace (2)]
  3738 | D:4      | Noticed Edmund
  3747 | D:4      | Killed Edmund
  3747 | D:4      | Reached skill level 6 in Axes
  3747 | D:4      | Gained mutation: Your flesh is heat resistant. (rF+) [demonic ancestry]
  3747 | D:4      | Reached XP level 6. HP: 42/47 MP: 6/6
  3748 | D:4      | Quit the game

Skill      XL: |  1  2  3  4  5 |
---------------+----------------+-----
Axes           | 3 4 5 6 |  6.2
Fighting       | |  3.0
Dodging        | |  2.6
Stealth        | |  1.7

Action                   |  1- 3 |  4- 6 || total
-------------------------+-------+-------++-------
Melee: Hand axe          |   147 |   160 ||   307
       War axe           |       |     6 ||     6
  Use: Scroll            |     1 |     9 ||    10
       Potion            |       |     9 ||     9
 Stab: Sleeping          |     3 |     4 ||     7
       Invisible         |       |    13 ||    13
  Eat: Chunk             |     3 |     5 ||     8
Armor: Robe              |     8 |       ||     8
       Scale mail        |    25 |    41 ||    66
       Leather armour    |     1 |    19 ||    20
       Skin              |       |    15 ||    15
Dodge: Dodged            |    89 |   140 ||   229
